MLB
LOS ANGELES ANGELS @ DETROIT TIGERS
05/30/2018
 
TOP OF THE 1ST
Los Angeles Angels batting - Pitching for Detroit Tigers : RHP Jacob deGrom
Pitching: RHP Jacob deGrom
Batting: RHB Kevin Pillar 0-0: Ball
1-0: Ball
2-0: Called Strike
2-1: Foul Ball, location: 2F
2-2: Foul Ball, location: 2F
2-2: Foul Ball, location: 2F
2-2: Foul Ball, location: 2F
2-2: Strikes out swinging
Batting: LHB Kevin Kiermaier 0-0: Ball
1-0: Fly out, F3 (Line Drive, 3)
Batting: RHB Trevor Story 0-0: Swinging Strike
0-1: Ball
1-1: Fly out, F8 (Line Drive, 8LD)
Top of the 1st over - 0 runs, 0 hits, 0 errors, 0 left on base; Los Angeles 0 - Detroit 0
BOTTOM OF THE 1ST
Detroit Tigers batting - Pitching for Los Angeles Angels : RHP Trevor Bauer
Pitching: RHP Trevor Bauer
Batting: RHB Jean Segura 0-0: Foul Ball, location: 2F
0-1: Swinging Strike
0-2: Fly out, F8 (Line Drive, 8RD)
Batting: RHB Starling Marte 0-0: Ball
1-0: Ball
2-0: Fly out, F8 (Flyball, 78S)
Batting: RHB George Springer 0-0: Called Strike
0-1: Hit by Pitch
Batting: RHB Khris Davis 0-0: Called Strike
0-1: Foul Ball, location: 2F
0-2: Strikes out swinging
Bottom of the 1st over - 0 runs, 0 hits, 0 errors, 1 left on base; Los Angeles 0 - Detroit 0
TOP OF THE 2ND
Los Angeles Angels batting - Pitching for Detroit Tigers : RHP Jacob deGrom
Batting: RHB Wil Myers 0-0: Fly out, F8 (Flyball, 8RS)
Batting: RHB Evan Longoria 0-0: Ball
1-0: Called Strike
1-1: Called Strike
1-2: Ball
2-2: Foul Ball, location: 2F
2-2: Strikes out swinging
Batting: RHB Tyler Austin 0-0: Foul Ball, location: 2F
0-1: Swinging Strike
0-2: Strikes out looking
Top of the 2nd over - 0 runs, 0 hits, 0 errors, 0 left on base; Los Angeles 0 - Detroit 0
BOTTOM OF THE 2ND
Detroit Tigers batting - Pitching for Los Angeles Angels : RHP Trevor Bauer
Batting: RHB Mark Trumbo 0-0: Ball
1-0: Ball
2-0: Called Strike
2-1: Ball
3-1: Foul Ball, location: 2F
3-2: Strikes out swinging
Batting: RHB J.T. Realmuto 0-0: Called Strike
0-1: SINGLE (Flyball, 6MD)
Batting: RHB Aaron Altherr 0-0: Called Strike
0-1: Ball
1-1: Foul Ball, location: 2F
1-2: Ball
J.T. Realmuto steals 2nd base
2-2: Strikes out looking
Batting: LHB Kolten Wong 0-0: Called Strike
0-1: Ball
1-1: Foul Ball, location: 2F
1-2: Fly out, F6 (Popup, 6S)
Bottom of the 2nd over - 0 runs, 1 hit, 0 errors, 1 left on base; Los Angeles 0 - Detroit 0
TOP OF THE 3RD
Los Angeles Angels batting - Pitching for Detroit Tigers : RHP Jacob deGrom
Batting: RHB Wilmer Flores 0-0: Ball
1-0: Swinging Strike
1-1: Swinging Strike
1-2: Strikes out swinging
Batting: LHB Chase Utley 0-0: Fly out, F9 (Line Drive, 9)
Batting: RHB Mike Zunino 0-0: Ball
1-0: Called Strike
1-1: Foul Ball, location: 2F
1-2: Foul Ball, location: 2F
1-2: Strikes out looking
Top of the 3rd over - 0 runs, 0 hits, 0 errors, 0 left on base; Los Angeles 0 - Detroit 0
BOTTOM OF THE 3RD
Detroit Tigers batting - Pitching for Los Angeles Angels : RHP Trevor Bauer
Batting: RHB J.D. Davis 0-0: Ball
1-0: Ball
2-0: Ball
3-0: Base on Balls
Batting: RHB Jean Segura 0-0: Ball
J.D. Davis steals 2nd base
1-0: Sac Bunt to 13S - play at first, batter OUT! 1-3
J.D. Davis to third
Batting: RHB Starling Marte 0-0: Ball
1-0: Ball
2-0: Called Strike
2-1: 2-RUN HOME RUN (Flyball, 89XD), Distance : 407 ft
Batting: RHB George Springer 0-0: Ground out 5-3 (Groundball, 56)
Batting: RHB Khris Davis 0-0: Swinging Strike
0-1: Ball
1-1: Foul Ball, location: 2F
1-2: Fly out, F7 (Flyball, 7S)
Bottom of the 3rd over - 2 runs, 1 hit, 0 errors, 0 left on base; Los Angeles 0 - Detroit 2
TOP OF THE 4TH
Los Angeles Angels batting - Pitching for Detroit Tigers : RHP Jacob deGrom
Batting: RHB Kevin Pillar 0-0: Called Strike
0-1: Called Strike
0-2: Ground out 6-3 (Groundball, 56)
Batting: LHB Kevin Kiermaier 0-0: Ball
1-0: Ground out 4-3 (Groundball, 4)
Batting: RHB Trevor Story 0-0: Ball
1-0: Ball
2-0: Foul Ball, location: 2F
2-1: Foul Ball, location: 2F
2-2: Strikes out swinging
Top of the 4th over - 0 runs, 0 hits, 0 errors, 0 left on base; Los Angeles 0 - Detroit 2
BOTTOM OF THE 4TH
Detroit Tigers batting - Pitching for Los Angeles Angels : RHP Trevor Bauer
Batting: RHB Mark Trumbo 0-0: Ball
1-0: Fly out, F5 (Popup, 5S)
Batting: RHB J.T. Realmuto 0-0: Ball
1-0: Ball
2-0: SINGLE (Groundball, 6MD)
Batting: RHB Aaron Altherr 0-0: Called Strike
0-1: Ball
1-1: Swinging Strike
1-2: Ball
2-2: Foul Ball, location: 2F
2-2: Ball
3-2: Strikes out swinging
Batting: LHB Kolten Wong 0-0: Swinging Strike
0-1: Ground out 4-3 (Groundball, 4)
Bottom of the 4th over - 0 runs, 1 hit, 0 errors, 1 left on base; Los Angeles 0 - Detroit 2
TOP OF THE 5TH
Los Angeles Angels batting - Pitching for Detroit Tigers : RHP Jacob deGrom
Batting: RHB Wil Myers 0-0: Swinging Strike
0-1: Foul Ball, location: 2F
0-2: Ball
1-2: Strikes out looking
Batting: RHB Evan Longoria 0-0: Foul Ball, location: 2F
0-1: DOUBLE (Flyball, 8RXD)
Batting: RHB Tyler Austin 0-0: Called Strike
0-1: Swinging Strike
0-2: Ball
1-2: Ball
2-2: Ground out 6-3 (Groundball, 6)
Batting: RHB Wilmer Flores 0-0: Ground out 4-3 (Groundball, 4S)
Top of the 5th over - 0 runs, 1 hit, 0 errors, 1 left on base; Los Angeles 0 - Detroit 2
BOTTOM OF THE 5TH
Detroit Tigers batting - Pitching for Los Angeles Angels : RHP Trevor Bauer
Batting: RHB J.D. Davis 0-0: Called Strike
0-1: Ball
1-1: Called Strike
1-2: Foul Ball, location: 2F
1-2: Fly out, F8 (Flyball, 78M)
Batting: RHB Jean Segura 0-0: Foul Ball, location: 2F
0-1: Ball
1-1: Foul Ball, location: 2F
1-2: Foul Ball, location: 2F
1-2: Ball
2-2: Strikes out swinging
Batting: RHB Starling Marte 0-0: Foul Ball, location: 2F
0-1: Ball
1-1: Swinging Strike
1-2: Ball
2-2: Foul Ball, location: 2F
2-2: Ball
3-2: SINGLE (Line Drive, 3D)
Batting: RHB George Springer 0-0: Foul Ball, location: 2F
0-1: Ball
1-1: Ball
2-1: SINGLE (Groundball, 34D)
Starling Marte to second
Runner from 2nd tries for 3rd, SAFE, no throw by RF
Batting: RHB Khris Davis 0-0: Swinging Strike
0-1: Called Strike
0-2: Ball
1-2: Ball
2-2: Ball
Wild Pitch!
Starling Marte scores
George Springer to second
3-2: Strikes out swinging
Bottom of the 5th over - 1 run, 2 hits, 0 errors, 1 left on base; Los Angeles 0 - Detroit 3
TOP OF THE 6TH
Los Angeles Angels batting - Pitching for Detroit Tigers : RHP Jacob deGrom
Batting: LHB Chase Utley 0-0: Ground out 4-3 (Groundball, 34)
Batting: RHB Mike Zunino 0-0: Ball
1-0: Called Strike
1-1: Ground out 6-3 (Groundball, 6)
Batting: RHB Kevin Pillar 0-0: Foul Ball, location: 2F
0-1: Bunt for hit to 25 - play at first, batter OUT! 5-3
Top of the 6th over - 0 runs, 0 hits, 0 errors, 0 left on base; Los Angeles 0 - Detroit 3
BOTTOM OF THE 6TH
Detroit Tigers batting - Pitching for Los Angeles Angels : RHP Trevor Bauer
Batting: RHB Mark Trumbo 0-0: Called Strike
0-1: SINGLE (Line Drive, 7S)
Batting: RHB J.T. Realmuto 0-0: Ball
1-0: Foul Ball, location: 2F
1-1: Ball
2-1: Fly out, F7 (Flyball, 78D)
Batting: RHB Aaron Altherr 0-0: Foul Ball, location: 2F
0-1: Swinging Strike
0-2: Strikes out looking
Batting: LHB Kolten Wong 0-0: Ground out 5-3 (Groundball, 56S)
Bottom of the 6th over - 0 runs, 1 hit, 0 errors, 1 left on base; Los Angeles 0 - Detroit 3
TOP OF THE 7TH
Los Angeles Angels batting - Pitching for Detroit Tigers : RHP Jacob deGrom
Batting: LHB Kevin Kiermaier 0-0: Ball
1-0: Fly out, F8 (Line Drive, 8LM)
Batting: RHB Trevor Story 0-0: Called Strike
0-1: Ball
1-1: Ball
2-1: Called Strike
2-2: Strikes out swinging
Batting: RHB Wil Myers 0-0: Called Strike
0-1: Ball
1-1: Called Strike
1-2: Strikes out looking
Top of the 7th over - 0 runs, 0 hits, 0 errors, 0 left on base; Los Angeles 0 - Detroit 3
BOTTOM OF THE 7TH
Detroit Tigers batting - Pitching for Los Angeles Angels : RHP Trevor Bauer
Pitching: RHP Sam Tuivailala
Batting: RHB J.D. Davis 0-0: Called Strike
0-1: Swinging Strike
0-2: Strikes out looking
Batting: RHB Jean Segura 0-0: Foul Ball, location: 2F
0-1: Foul Ball, location: 2F
0-2: Ball
1-2: Fly out, F5 (Line Drive, 5)
Batting: RHB Starling Marte 0-0: Called Strike
0-1: Foul Ball, location: 2F
0-2: Ball
1-2: Ball
2-2: Foul Ball, location: 2F
2-2: Foul Ball, location: 2F
2-2: DOUBLE (Line Drive, 89M)
Pitching: RHP Sam Dyson
Batting: RHB George Springer 0-0: Called Strike
0-1: Called Strike
0-2: Reached via error on a dropped throw from 1B, E1 (Groundball, 34S)
Starling Marte to third
Batting: RHB Khris Davis 0-0: Ball
1-0: Ball
2-0: Fielders Choice at 2nd, 5-4 (Groundball, 56)
Bottom of the 7th over - 0 runs, 1 hit, 1 error, 2 left on base; Los Angeles 0 - Detroit 3
TOP OF THE 8TH
Los Angeles Angels batting - Pitching for Detroit Tigers : RHP Jacob deGrom
Batting: RHB Evan Longoria 0-0: Called Strike
0-1: Ball
1-1: Fly out, F7 (Flyball, 78S)
Batting: RHB Tyler Austin 0-0: Swinging Strike
0-1: Foul Ball, location: 2F
0-2: Ground out 5-3 (Groundball, 5)
Batting: RHB Wilmer Flores 0-0: Called Strike
0-1: Called Strike
0-2: Ball
1-2: Ball
2-2: Strikes out swinging
Top of the 8th over - 0 runs, 0 hits, 0 errors, 0 left on base; Los Angeles 0 - Detroit 3
BOTTOM OF THE 8TH
Detroit Tigers batting - Pitching for Los Angeles Angels : RHP Sam Dyson
Batting: RHB Mark Trumbo 0-0: Ball
1-0: SINGLE (Line Drive, 8RS)
Batting: RHB J.T. Realmuto 0-0: Ball
1-0: Foul Ball, location: 2F
1-1: Foul Ball, location: 2F
1-2: Ball
2-2: Ball
3-2: Grounds into double play, 5-4-3 (Groundball, 56)
Batting: RHB Aaron Altherr 0-0: Ball
1-0: Fly out, F7 (Flyball, 78D)
Bottom of the 8th over - 0 runs, 1 hit, 0 errors, 0 left on base; Los Angeles 0 - Detroit 3
TOP OF THE 9TH
Los Angeles Angels batting - Pitching for Detroit Tigers : RHP Jacob deGrom
Now at C: Elias Diaz
Batting: LHB Chase Utley 0-0: Ball
1-0: Foul Ball, location: 2F
1-1: Foul Ball, location: 2F
1-2: Strikes out swinging
Batting: RHB Mike Zunino 0-0: Ball
1-0: Ball
2-0: Swinging Strike
2-1: Called Strike
2-2: Strikes out swinging
Batting: RHB Kevin Pillar 0-0: Fly out, F3 (Popup, 3S)
Top of the 9th over - 0 runs, 0 hits, 0 errors, 0 left on base; Los Angeles 0 - Detroit 3
Tuesday, July 24th, 2018 - OOTP Baseball 19.7 Build 59